 Dungeon Crawl Stone Soup version 0.26.0-10-g1f06aea511 (webtiles) character file.

Game seed: 2832240273662344855

104 wakim the Vandal (level 5, 0/35 HPs)
             Began as a Halfling Hunter on Jan 14, 2021.
             Killed by nerve-wracking pain
             ... invoked by an orc priest
              (4 damage)
             ... on level 3 of the Dungeon.
             The game lasted 00:21:51 (3912 turns).

wakim the Vandal (Halfling Hunter)                  Turns: 3912, Time: 00:21:52

Health: 0/35       AC:  7    Str: 13    XL:     5   Next: 7%
Magic:  5/5        EV: 14    Int:  9    God:
Gold:   97         SH:  0    Dex: 16    Spells: 4/4 levels left

rFire    . . .     SeeInvis .   a - +1 hunting sling
rCold    . . .     Faith    .   (shield restricted)
rNeg     + . .     Spirit   .   f - +0 ring mail
rPois    .         Reflect  .   (no helmet)
rElec    .         Harm     .   (no cloak)
rCorr    .         Rampage  .   (no gloves)
Will     .....                  n - +1 pair of boots
Stlth    ++........             (no amulet)
HPRegen  0.11/turn              k - ring of positive energy
MPRegen  0.09/turn              (no ring)

@: no status effects
A: small, mutation resistance 1
a: no special abilities


You were on level 3 of the Dungeon.
You visited 1 branch of the dungeon, and saw 3 of its levels.

You collected 97 gold pieces.

Inventory:

Hand Weapons
 a - a +1 hunting sling (weapon)
 b - a +0 short sword
Missiles
 d - 29 sling bullets
 h - 67 stones (quivered ammo)
 i - 4 atropa-tipped darts
Armour
 f - a +0 ring mail (worn)
 n - a +1 pair of boots (worn)
Jewellery
 k - a ring of positive energy (left hand)
Scrolls
 g - 2 scrolls of identify
 j - 3 scrolls of remove curse
 m - a scroll of enchant armour
Potions
 c - 2 potions of lignification {unknown}
 e - 3 potions of flight {unknown}
 o - a potion of degeneration {unknown}
 p - a potion of magic {unknown}
 q - 2 potions of might {unknown}
 r - a potion of invisibility {unknown}
 u - a potion of brilliance {unknown}
 v - a potion of ambrosia {unknown}


   Skills:
 + Level 2.6 Fighting
 * Level 6.7 Slings
 + Level 3.1 Dodging
 + Level 2.7 Stealth


You had 4 spell levels left.
You didn't know any spells.
Your spell library was empty.

Dungeon Overview and Level Annotations

Branches:
Dungeon (3/15)

Altars:

Annotations:
D:3 Sigmund


Innate Abilities, Weirdness & Mutations

You are small and have problems with some larger weapons.
You are somewhat resistant to further mutation.


Message History

The stone hits the orc priest but does no damage.
The orc priest is severely wounded.
The orc priest calls down the wrath of Beogh upon you.
Beogh smites you!
Fire: 68 stones
Press: ? - help, Q - select action, (/) - cycle Shift-Dir - straight line, f/p - orc priest
Aim: an orc priest, wielding a +0 trident and wearing a +0 leather armour (severely wounded)
You shoot a stone. The stone hits the orc priest.
The orc priest is almost dead.
The orc priest calls down the wrath of Beogh upon you.
Pain shoots through your body!
* * * LOW HITPOINT WARNING * * *
The orc priest calls upon Beogh to heal the orc priest.
The orc priest's wounds heal themselves!
The orc priest mumbles some strange prayers to Beogh against you.
Beogh smites you!
* * * LOW HITPOINT WARNING * * *
The orc priest invokes the aid of Beogh against you.
Pain shoots through your body!
You die...

##### ###### #...# ##....#
##...######.....'
#.........#....(#
#....####.#...o..
#............(...
#.>.............o
####.####)..#(##..#
#.@.........o.##..#
#############.##.####.#...##..#
#........>.##.##......(........
#..........##.#######.#........
#..........##.##......#.######.
#
#..........'.o###.#####........
# #..........##...o...#
#########
###..........##.####### #...
.......########.# #...


You could see an orc priest.

Vanquished Creatures
  2 adders
  4 leopard geckos
  8 orcs
  A ball python (D:1)
  4 bats
  4 giant cockroaches
  6 goblins
  9 hobgoblins
  9 jackals
  5 frilled lizards
  6 kobolds
  9 rats
67 creatures vanquished.

Notes
Turn   | Place    | Note
-------+----------+-------------------------------------------
     0 | D:1      | wakim the Halfling Hunter began the quest for the Orb.
     0 | D:1      | Reached XP level 1. HP: 14/14 MP: 1/1
    97 | D:1      | Reached skill level 6 in Slings
    97 | D:1      | Reached XP level 2. HP: 7/19 MP: 2/2
   633 | D:1      | Reached XP level 3. HP: 24/24 MP: 3/3
  1630 | D:2      | Reached XP level 4. HP: 30/30 MP: 4/4
  2498 | D:3      | Noticed Sigmund
  3211 | D:3      | Reached XP level 5. HP: 35/35 MP: 5/5
  3912 | D:3      | Killed from afar by an orc priest

Illustrated notes

Levels and vault maps discovered:
D:1:      minmay_arrival_solitary_statue, layout_loops_ring,
          amcnicky_mini_corridor_feature
D:2:      layout_loops_cross, minmay_split_cup_small
D:3:      layout_basic, uniq_sigmund

Skill      XL: |  1  2  3  4 |
---------------+-------------+-----
Slings         | 6 |  6.7
Fighting       | 2 |  2.6
Stealth        | 2 |  2.7
Dodging        | 3 |  3.1

Action                   |  1- 3 |  4- 6 || total
-------------------------+-------+-------++-------
Melee: Short sword       |    56 |    74 ||   130
 Fire: Hunting sling     |    54 |    83 ||   137
Throw: Dart              |       |     1 ||     1
  Use: Scroll            |       |     5 ||     5
 Stab: Sleeping          |       |     1 ||     1
Armor: Leather armour    |     6 |       ||     6
       Ring mail         |    18 |    47 ||    65
Dodge: Dodged            |    57 |   115 ||   172
